Cogmind - Beta 14 @@@ ROGUE MODE // 2024.12.26 @ 15:54:46 Player: lazy_engineer Result: Destroyed by G-47 Trooper with Particle Gun Performance ------------- Evolutions (2) 1000 Regions Visited (5) 1000 Robots Destroyed (48) 240 Value Destroyed (1419) 1419 Prototype IDs (24) 480 Alien Tech Used (0) 0 Bonus (0) 0 TOTAL SCORE: 4139 Bonus ------- None Cogmind --------- Core Integrity 0/550 Matter 300/300 Energy 100/100 System Corruption 0% Temperature Cool (9) Movement Core (50) Location -8/Materials Parts ------- > --- POWER (2) -------- (None) > --- PROPULSION (2) --- (None) > --- UTILITY (5) ------ Improved Heat Sink Signal Interpreter Hacking Suite > --- WEAPON (2) ------- Mace > --- INVENTORY (5) ---- Experimental Sensor Array Makeshift Terrain Scanner Skeleton Box Mining Laser Peak State ------------ > --- POWER ------------ Light Angular Momentum Engine Light Angular Momentum Engine > --- PROPULSION ------- Advanced Treads Advanced Treads > --- UTILITY ---------- Improved Heat Sink Small Storage Unit Experimental Sensor Array Signal Interpreter Hardened Light Armor Plating > --- WEAPON ----------- Heavy Laser Heavy Assault Rifle > --- INVENTORY -------- Carbon-fiber Leg Makeshift Terrain Scanner Transport Network Coupler Skeleton Box Mining Laser Mace [Rating: 40] Favorites ----------- Power Light Angular Momentum Engine Engine Light Angular Momentum Engine Power Core Light Nuclear Core Propulsion Wheel Treads Advanced Treads Leg Carbon-fiber Leg Wheel Wheel Utility Small Storage Unit Device Weight Redist. System Storage Small Storage Unit Processor Signal Interpreter Hackware Hacking Suite Protection Hardened Light Armor Plating Weapon Light Assault Rifle Energy Gun Medium Laser Ballistic Gun Light Assault Rifle Launcher Grenade Launcher Special Weapon Mining Laser Impact Weapon Mace Build | -11 -10 -10 -10 -9 -8 ------- Run | Yrd Mat Min Exi Min Mat Slots Evolved 4 | . . . . . 4 Power 1 | . . . . . 1 Propulsion . | . . . . . . Utility 3 | . . . . . 3 Weapon . | . . . . . . Parts Attached 47 | 6 9 6 . 1 25 Power 8 | 1 . 1 . 1 5 Engine 7 | 1 . 1 . 1 4 Core 1 | . . . . . 1 Reactor . | . . . . . . Propulsion 10 | 2 2 2 . . 4 Treads 4 | . 2 . . . 2 Leg 2 | . . . . . 2 Wheel 4 | 2 . 2 . . . Hover . | . . . . . . Flight . | . . . . . . Utility 14 | 1 4 1 . . 8 Device 7 | . 2 1 . . 4 Storage 3 | 1 2 . . . . Processor 1 | . . . . . 1 Hackware 1 | . . . . . 1 Protection 2 | . . . . . 2 Artifact . | . . . . . . Weapon 15 | 2 3 2 . . 8 Energy Gun 4 | 2 1 . . . 1 Energy Cannon . | . . . . . . Ballistic Gun 7 | . 1 1 . . 5 Ballistic Cannon . | . . . . . . Launcher 2 | . 1 1 . . . Special Weapon 1 | . . . . . 1 Impact Weapon 1 | . . . . . 1 Slashing Weapon . | . . . . . . Piercing Weapon . | . . . . . . Special Melee Weapon . | . . . . . . Unidentified Prototypes 1 | . . . . . 1 Parts Lost 23 | . 2 4 . 1 16 Power 5 | . . 1 . . 4 Propulsion 8 | . 2 2 . . 4 Utility 5 | . . 1 . . 4 Weapon 5 | . . . . 1 4 Highest Loss Streak 8 | . 2 4 . 1 8 To Critical Strikes . | . . . . . . Average Slot Usage (%) 94 | . 96 90 100 87 93 Engine 14 | . 14 13 14 14 14 Treads 7 | . 9 10 . . 7 Leg 3 | . . . . . 7 Wheel 12 | . 18 15 28 28 1 Device 13 | . 10 13 14 14 15 Storage 11 | . 14 14 14 14 8 Processor 3 | . . . . . 9 Protection 3 | . . . . . 8 Energy Gun 6 | . 23 . . . 4 Ballistic Gun 14 | . 3 22 28 16 11 Peak Build Rating 40 | 7 9 10 11 11 40 Average Rating 17 | 4 7 7 10 10 31 On Entrance 7 | . 7 8 10 11 11 Naked Turns . | . . . . . . Heaviest Build 39 | 12 13 12 12 16 39 Greatest Support 44 | 20 40 40 26 26 44 Greatest Overweight (x) 2 | . . 2 . . 2 Average Overweight (x) . | . . . . . . Largest Inventory Capacity 20 | 8 20 8 8 8 8 Average Capacity 7 | 7 8 8 8 8 7 Most Carried 8 | 6 8 8 8 8 8 Average Carried 6 | 3 7 6 7 8 5 Final Capacity 8 | 8 8 8 8 8 5 Final Carried 8 | 6 6 8 8 8 4 Class Distribution -------------------- 64% | Scavenger-Mutant 35% | Mutant Dominant Class ---------------- Mutant | -10/Materials Scavenger-Mutant | -10/Mines Scavenger-Mutant | -10/Exiles Scavenger-Mutant | -9/Mines Scavenger-Mutant | -8/Materials Resources | -11 -10 -10 -10 -9 -8 ----------- Run | Yrd Mat Min Exi Min Mat Matter Collected 1038 | 260 110 123 18 13 514 Remotely . | . . . . . . Salvage Created 1797 | 65 299 134 43 101 1155 Parts 110 | 11 18 11 4 8 58 Haulers Intercepted 3 | . 1 . . . 2 Recyclers Shooed . | . . . . . . Parts Field Recycled . | . . . . . . Retrieved Matter . | . . . . . . Parts Self-Destructed . | . . . . . . Prevented . | . . . . . . Kills | -11 -10 -10 -10 -9 -8 ------- Run | Yrd Mat Min Exi Min Mat Combat Hostiles Destroyed 35 | . 9 5 . 2 19 Melee 1 | . . . . . 1 Guns 28 | . 8 2 . 2 16 AOE 4 | . 1 3 . . . Classes Destroyed 10 | 1 4 1 . 1 3 Worker 2 | . . 1 . . 1 Tunneler 5 | 4 1 . . . . Hauler 3 | . 1 . . . 2 Recycler 1 | . . . . . 1 Watcher 2 | . 1 . . . 1 Swarmer 8 | . 6 2 . . . Grunt 21 | . 3 3 . 1 14 Brawler 1 | . . . . 1 . Sentry 3 | . . . . . 3 Hunter 2 | . . . . . 2 Best Kill Streak 7 | 4 7 4 . 2 6 Combat Bots Only 6 | . 6 3 . 2 6 Max Kills in Single Turn 2 | 1 2 2 . 1 2 Gunslinging . | . . . . . . Exploded 2 | . 1 2 . . . Melee 1 | . . . . . 1 Uniques/NPCs Destroyed . | . . . . . . Combat | -11 -10 -10 -10 -9 -8 -------- Run | Yrd Mat Min Exi Min Mat Hostile Shots Fired 299 | . 60 40 . 28 171 Missed 63 | . 10 5 . 10 38 Damage Taken 3279 | 2 426 440 . 164 2247 Core 766 | . 103 68 . 29 566 Absorbed by Shields . | . . . . . . Core Remaining (%) 60 | 100 . . . 20 . Volleys Fired 142 | 9 23 25 9 8 68 Largest 2 | 2 2 2 2 2 2 Hottest 100 | 100 100 70 40 40 92 Shots Fired 261 | 18 46 37 18 11 131 Gun 253 | 18 43 32 18 11 131 Cannon . | . . . . . . Launcher 8 | . 3 5 . . . Special . | . . . . . . Kinetic 166 | . . 28 18 11 109 Thermal 87 | 18 43 4 . . 22 Explosive 8 | . 3 5 . . . Electromagnetic . | . . . . . . Robot Hit Streak 12 | 3 5 8 12 5 11 Robot Miss Streak 3 | 1 3 1 1 3 3 Penetration Max 1 | . . . . . 1 Secondary Targets 3 | . 1 1 . . 1 Max Gunslinging Chain 1 | . 1 1 . . 1 Shots Hit Robots 179 | 11 24 23 17 6 98 Core Hits 93 | 5 15 14 3 5 51 Critical Kills 1 | . . . . . 1 Critical Parts Destroyed 4 | . . 1 . . 3 Critical Strikes 10 | 1 2 1 . . 6 Burn 5 | 1 2 . . . 2 Destroy 3 | . . 1 . . 2 Smash 2 | . . . . . 2 Melee Attacks 18 | . . . . . 18 Impact 18 | . . . . . 18 Slashing . | . . . . . . Piercing . | . . . . . . Sneak Attacks . | . . . . . . Combat Hostiles . | . . . . . . Follow-up Attacks . | . . . . . . Damage Inflicted 3198 | 156 442 462 156 50 1932 Guns 2427 | 151 350 167 156 50 1553 Cannons . | . . . . . . Explosions 387 | . 92 295 . . . Melee 379 | . . . . . 379 Ramming 5 | 5 . . . . . Kinetic 1727 | . . 141 156 50 1380 Thermal 700 | 151 350 26 . . 173 Explosive 387 | . 92 295 . . . Electromagnetic . | . . . . . . Impact 379 | . . . . . 379 Slashing . | . . . . . . Piercing . | . . . . . . Highest Corruption 5 | . . . . 5 . Average Corruption 5 | . . . . 5 . Corruption Purged . | . . . . . . Corruption Blocked . | . . . . . . Effects 2 | . . . . 2 . Heat Flow Errors 1 | . . . . 1 . Energy Discharges 1 | . . . . 1 . Overload Shots . | . . . . . . Overflow Damage 125 | . . . . . 125 Projectiles . | . . . . . . Explosions 91 | . . . . . 91 Melee 34 | . . . . . 34 Knockbacks 4 | . . . . . 4 Impact 4 | . . . . . 4 Kinetic . | . . . . . . Secondary . | . . . . . . Self-Inflicted Damage 132 | 2 . 18 . . 112 Shots 3 | . . 2 . . 1 Rammed 2 | 1 . . . . 1 Targets Rammed 2 | 1 . . . . 1 Kicked . | . . . . . . Crushed . | . . . . . . Highest Temperature 400 | 194 294 60 . 142 400 Average Temperature 99 | 75 109 20 . 62 112 Received Heat Transfer 1455 | . 54 186 . 18 1197 Effects 3 | . . . . . 3 Interference 3 | . . . . . 3 Siege Activations . | . . . . . . Robots Corrupted 2 | . . . . . 2 Combat Hostiles 2 | . . . . . 2 Parts Fried . | . . . . . . Impact Corruptions 2 | . . . . . 2 Robots Melted . | . . . . . . Combat Hostiles . | . . . . . . Parts Melted 6 | 1 3 . . . 2 Heat Transferred 2257 | 518 1184 74 . . 481 Parts Sabotaged . | . . . . . . Parts Stolen . | . . . . . . Parts Stripped . | . . . . . . Power Chain Reactions . | . . . . . . Alert | -11 -10 -10 -10 -9 -8 ------- Run | Yrd Mat Min Exi Min Mat Peak Influence 285 | 20 285 179 . 50 161 Initial 19 | . 13 . . . 19 Average 82 | 6 100 84 . 40 82 Maximum Alert Level 1 | . 1 . . . . Low Security (%) 97 | 100 87 100 . 100 100 Level 1 2 | . 12 . . . . Level 2 . | . . . . . . Level 3 . | . . . . . . Level 4 . | . . . . . . Level 5 . | . . . . . . High Security . | . . . . . . Max Security . | . . . . . . Squads Dispatched 4 | . 1 . . . 3 Investigation 1 | . 1 . . . . Extermination . | . . . . . . Reinforcement 3 | . . . . . 3 Assault . | . . . . . . Garrison . | . . . . . . Intercept . | . . . . . . Searches Triggered . | . . . . . . Construction Impeded . | . . . . . . Haulers Reinforced . | . . . . . . Active Scanning Responses . | . . . . . . Cargo Convoy Interrupts . | . . . . . . Stealth | -11 -10 -10 -10 -9 -8 --------- Run | Yrd Mat Min Exi Min Mat Distress Signals 4 | . . . . . 4 Communications Jammed . | . . . . . . Distress Signals . | . . . . . . Times Spotted 52 | . 10 9 . 6 27 Peak Tracking Total 6 | . 6 3 . 4 6 Tactical Retreats 4 | . . 4 . . . Traps | -11 -10 -10 -10 -9 -8 ------- Run | Yrd Mat Min Exi Min Mat Traps Triggered . | . . . . . . Indirectly . | . . . . . . Trap Hack Attempts . | . . . . . . Triggered . | . . . . . . Disarmed . | . . . . . . Reprogrammed . | . . . . . . Reused . | . . . . . . Traps Extracted . | . . . . . . Installed . | . . . . . . Triggered . | . . . . . . Machines | -11 -10 -10 -10 -9 -8 ---------- Run | Yrd Mat Min Exi Min Mat Machines Disabled 4 | . . . . . 4 Max in Single Turn 2 | . . . . . 2 Machines Repaired . | . . . . . . Machines Dismantled . | . . . . . . Machines Sabotaged . | . . . . . . Overloaded Fab Kills . | . . . . . . Hacking | -11 -10 -10 -10 -9 -8 --------- Run | Yrd Mat Min Exi Min Mat Machines Accessed 9 | . 5 . 2 . 2 Terminals 7 | . 5 . . . 2 Fabricators . | . . . . . . Repair Stations . | . . . . . . Recycling Units . | . . . . . . Scanalyzers . | . . . . . . Garrison Access . | . . . . . . Total Hacks 32 | . 22 . 5 . 5 Successful 21 | . 14 . 5 . 2 Failed 11 | . 8 . . . 3 Catastrophic . | . . . . . . Database Lockouts . | . . . . . . Manual 20 | . 16 . 2 . 2 Terminals 27 | . 22 . . . 5 Fabricators . | . . . . . . Repair Stations . | . . . . . . Recycling Units . | . . . . . . Scanalyzers . | . . . . . . Garrison Access . | . . . . . . Terminal Hacks 14 | . 7 . 5 . 2 Record 4 | . . . 4 . . Alert Level 3 | . 2 . . . 1 Unreport Threat 2 | . 1 . . . 1 Locate Traps 1 | . 1 . . . . Hauler Manifests 1 | . 1 . . . . Zone Layout 2 | . 2 . . . . Derelict Proto ID Bank 1 | . . . 1 . . Fabricator Hacks . | . . . . . . Repair Station Hacks . | . . . . . . Recycling Unit Hacks . | . . . . . . Scanalyzer . | . . . . . . Garrison Access Hacks . | . . . . . . Unauthorized Hacks 7 | . 7 . . . . Terminals 7 | . 7 . . . . Track 1 | . 1 . . . . Botnet 4 | . 4 . . . . Operators 1 | . 1 . . . . Sabotage 1 | . 1 . . . . Fabricators . | . . . . . . Repair Stations . | . . . . . . Recycling Units . | . . . . . . Scanalyzers . | . . . . . . Garrison Access . | . . . . . . Data Cores Recovered . | . . . . . . Used . | . . . . . . Hacking Detections 3 | . 2 . . . 1 Full Trace Events . | . . . . . . Feedback Events . | . . . . . . Feedback Blocked . | . . . . . . Robot Schematics Acquired . | . . . . . . Robots Built . | . . . . . . Authchips . | . . . . . . Time . | . . . . . . Total Robot Build Rating . | . . . . . . Part Schematics Acquired . | . . . . . . Parts Built . | . . . . . . Authchips . | . . . . . . Time . | . . . . . . Total Part Build Rating . | . . . . . . Parts Repaired . | . . . . . . Time . | . . . . . . Parts Recycled . | . . . . . . Recycled Matter . | . . . . . . Retrieved Matter . | . . . . . . Retrieved Components . | . . . . . . Parts Scanalyzed . | . . . . . . Part Schematics Acquired . | . . . . . . Parts Damaged . | . . . . . . Bothacking | -11 -10 -10 -10 -9 -8 ------------ Run | Yrd Mat Min Exi Min Mat Used RIF Installer . | . . . . . . Robots Hacked . | . . . . . . Non-combat . | . . . . . . Combat . | . . . . . . Robot Hacks Applied . | . . . . . . Relay Couplers Released . | . . . . . . Fabnet Peak Effective % . | . . . . . . Robots Rewired . | . . . . . . Allies Hacked . | . . . . . . Hacks Repelled . | . . . . . . Allies | -11 -10 -10 -10 -9 -8 -------- Run | Yrd Mat Min Exi Min Mat Total Allies . | . . . . . . Largest Group . | . . . . . . Highest-Rated Group . | . . . . . . Highest-Rated Ally . | . . . . . . Total Orders . | . . . . . . Ally Attacks . | . . . . . . Total Damage . | . . . . . . Kills . | . . . . . . Allies Corrupted . | . . . . . . Allies Melted . | . . . . . . Intel | -11 -10 -10 -10 -9 -8 ------- Run | Yrd Mat Min Exi Min Mat Robot Analysis Total . | . . . . . . Derelict Logs Recovered 2 | . . 2 . . . Drone Launches . | . . . . . . Drone Recoveries . | . . . . . . Exploration | -11 -10 -10 -10 -9 -8 ------------- Run | Yrd Mat Min Exi Min Mat Turns Passed 2577 | 101 464 590 337 63 1022 Spaces Moved 1864 | 74 373 520 386 52 459 Core 36 | 11 . 9 . . 16 Treads 354 | . 86 118 . . 150 Legs 233 | . . . . . 233 Wheels 1241 | 63 287 393 386 52 60 Hover . | . . . . . . Flight . | . . . . . . Fastest Speed 50 | 50 80 80 80 80 50 Average Speed 102 | 75 98 98 80 80 134 Slowest Speed 225 | 80 160 160 80 80 225 Overloaded Moves . | . . . . . . Propulsion Burnouts . | . . . . . . Robots Hopped . | . . . . . . Cave-ins Triggered . | . . . . . . Exploration Rate (%) 48 | 5 57 98 89 10 29 Regions Visited 5 Branch Regions 3 Pre-discovered Areas 1 | . . . 1 . . Known Exits Taken . | . . . . . . Unknown Exits Taken 5 | 1 1 1 1 1 . Scrap Searched 1 | . . 1 . . . Spaces Dug . | . . . . . . Terrain Destroyed 57 | . 8 26 . . 23 Melee . | . . . . . . Projectile . | . . . . . . AOE 57 | . 8 26 . . 23 Terrain Rammed . | . . . . . . Walls Destroyed . | . . . . . . Machines Disabled . | . . . . . . Actions | -11 -10 -10 -10 -9 -8 --------- Run | Yrd Mat Min Exi Min Mat Total 2261 | 101 423 564 401 64 708 Wait 129 | . 11 6 1 1 110 Move 1860 | 74 372 519 385 51 459 Hop . | . . . . . . Pick Up 47 | 12 5 7 3 1 19 Fast Attach 3 | . 1 . . 1 1 Attach 35 | 6 4 5 . . 20 Detach . | . . . . . . Swap 9 | . 4 1 . . 4 Drop 17 | . 3 1 3 2 8 Fire 142 | 9 23 25 9 8 68 Melee 18 | . . . . . 18 Ram . | . . . . . . Kick . | . . . . . . Crush 1 | . . . . . 1 Escape Stasis . | . . . . . . Rewire . | . . . . . . Trap . | . . . . . . Miscellaneous . | . . . . . . Route ------- -11/Scrapyard -10/Materials (discovered 3 exits: [*Mat x2] / [*Min]) -10/Mines (discovered 3 exits: [*Mat x2] / *Exi) -10/Exiles -9/Mines -8/Materials History --------- Turn | Location | Event 10 | -11/Scrapyard | Discovered new exit (range 15) 102 | -11/Scrapyard | Entered Materials 289 | -10/Materials | Discovered new exit (range 5) 311 | -10/Materials | Discovered new exit (range 6) 313 | -10/Materials | Build established: Mutant 386 | -10/Materials | Discovered new exit (range 14) 566 | -10/Materials | Entered Mines 648 | -10/Mines | Discovered new exit (range 14) 784 | -10/Mines | Core integrity fell below 50% 830 | -10/Mines | Lost 4 parts (1p2n1u) 839 | -10/Mines | Discovered new exit (range 10) 960 | -10/Mines | Found a damaged Exp. Sensor Array with a note attached 962 | -10/Mines | Found Prototype Device 1054 | -10/Mines | Learned Materials emergency access door positions 1111 | -10/Mines | Learned Materials emergency access door positions 1124 | -10/Mines | Build established: Scavenger-Mutant 1153 | -10/Mines | Deemed a non-threat by the Exiles lab entrance 1153 | -10/Mines | Discovered new exit (range 5) 1156 | -10/Mines | Entered Exiles 1156 | -10/Exiles | Found Exiles lab destroyed 1238 | -10/Exiles | Opened EX-Vault 1243 | -10/Exiles | Found Skeleton Box 1462 | -10/Exiles | Learned location of Zion (-7) 1487 | -10/Exiles | Discovered new exit (range 10) 1493 | -10/Exiles | Entered Mines 1494 | -9/Mines | Discovered new exit (range 12) 1556 | -9/Mines | Entered Materials 1556 | -8/Materials | Evolved 4 slots: Power x1, Utility x3 1697 | -8/Materials | Identified Exp. Sensor Array 1711 | -8/Materials | Lost 6 parts (2n2u2w) 2536 | -8/Materials | Core integrity fell below 50% 2566 | -8/Materials | Core integrity fell below 20% 2578 | -8/Materials | Destroyed by G-47 Trooper with Particle Gun Last Messages --------------- 02553_ Destroyed Particle Gun. 02553_ G-47 Trooper system corrupted by crushing effect. 02553_ G-47 Trooper knocked back. 02553_ Critical hit (Burn: +37). 02554_ G-47 Trooper system terminally corrupted. 02555_ K-01 Serf cleans the Atomic Centrifuge. 02556_ K-01 Serf collects debris. 02559_ Gauss Rifle destroyed. 02561_ G-47 Trooper suffers critical hit (Smash). 02561_ Destroyed Imp. Heat Sink. 02561_ G-47 Trooper system corrupted by crushing effect. 02561_ K-01 Serf collects debris. 02562_ G-47 Trooper system terminally corrupted. 02563_ R-06 Scavenger collects Transport Network Coupler. 02566_ K-01 Serf collects debris. 02568_ U-05 Engineer suffers critical hit (Burn). 02568_ U-05 Engineer destroyed. 02570_ K-01 Serf collects debris. 02576_ Critical hit (Burn: +37). 02577_ K-01 Serf collects debris. Map ----- +----------------------------------------------------+ | ?????????????????????????????????????####+#####+## | | ??????????????????????????????????????### ###?# #? | | ??????????????????????????????????????# #?# #? | | ??????????????????????????????????????# ### #? | | ??????????????????????????????????????# #? | | ??????????????????????????????????????# ### #? | | ??????????????????????????????????????# ### ## | | ????????????????????????????????????######### | | ????????????????????????????????????# # | | ????????????????????????????????????# "T" + = | | ???????????????????????? ??????????# # | | ???????????????????????" ??????????######### | | ???????????????????????" ??????????########### ## | | ??????????????????????? ??????????# # #? | | ?????????????????? ???? ??????????# # ## | | ??????????????????? """ ??????????# # | | ??????????????????? """ ??????????# %" | | ??????????????????? """ #?????????# [# | | ?????????????????? !#?????????# ### | | ??????????????????#o #?????????# #?# | | ??????????????????# """ #?????????# #?# | | ??????????????????# """ +?????????#############+ | | ??????????????????# """ #??????????????# | | ??????????????????# k =##########?????# " """" | | ??????????????????+ !%g % [#?????# """""" | | ??????????????????# ###@########=#?????# """ "" | | ???????????????#### =#k*%u #???#=#?????# | | ?????????# %+% #?### ###???#=!= = ! | | ?????????# ###### g "" #?# #???#[%*! " | | ??????????????????????#[ ""o### #####/####### | | ??????????????????????# """ + #?????? | | ??????????????????????# ### ##### #?????? | | ??????????????????????########?# #???# #?????? | | ???????????????????????????????## ##???#+#?????? | | ????????????????????????????????# #????????????? | | ????????????????????????????????# #????????????? | | ????????????????????????????????# #????????????? | | ????????????????????????????????# #????????????? | | ???????????????????????????????? ????????????? | | ??????????????????????????????? ????????????? | | ??????????????????????????????? ????????????? | | ??????????????????????????????+ T ????????????? | | ??????????????????????????????# ????????????? | | ??????????????????????????????#? ? ?????????????? | | ?????????????????????????????????????????????????? | | ?????????????????????????????????????????????????? | | ?????????????????????????????????????????????????? | | ?????????????????????????????????????????????????? | | ?????????????????????????????????????????????????? | | ?????????????????????????????????????????????????? | +----------------------------------------------------+ Best States ------------- Heat Dissipation 45 Energy Generation 31 Energy Capacity 415 Matter Stores 300 Matter Capacity 300 Sight Range 16 Robot Scan Range 20 Terrain Scan Density 10 Cloak Strength 3 Additional Mass Support 6 Armor Coverage 300 Evasion (%) 55 Recoil Reduction 2 Offensive Hacking 10 Item Schematics ----------------- None Robot Schematics ------------------ None Fabricated ------------ Nothing Alien Tech Used ----------------- None Achievements -------------- None Challenges ------------ None Game ------ Seed MakeshiftControlProtection Manual? 0 Play Time 00:28:01 Cumulative 43.0 hours Start 2024.12.26 @ 15:28:37 End 2024.12.26 @ 15:54:46 Sessions 1 Manual Loads 0 Difficulty Rogue Special Mode None Game No. 93 Rogue 93 Adventurer 0 Explorer 0 Win Type - Total 0 Types 0/0/0/0/0/0/0/0/0 Lore% 17 Gallery% 29 Achievement% 27 Wizard Run 0 Options --------- Layout 0 ASCII 0 Keyboard 0 Movement Mouse Keybinds 0 Fullscreen 1 Font 24/Smallcaps Map View 76x50 Zoom Use 0% Tactical HUD 1 Map Filters NONE Filters NONE Steam 1 RUN: 26ad7981-97d4-41ec-bbfa-ea9e09642e3c